BLB
HARTFORD WHALERS @ DALLAS DRILLERS
04/10/2060
 
TOP OF THE 1ST
Hartford Whalers batting - Pitching for Dallas Drillers : LHP Benjamin Racek
Pitching: LHP Benjamin Racek
Batting: RHB Zyaire Semijenov 0-0: Called Strike
0-1: Ball
1-1: Foul Ball, location: 2F
1-2: Ground out 4-3 (Groundball, 34D, EV 101.9 MPH)
Batting: RHB Reilly Wren 0-0: Called Strike
0-1: Fly out, F6 (Line Drive, 56, EV 67.5 MPH)
Now at SS: Cooper Heizer
Batting: RHB Wyatt McKenney 0-0: Ball
1-0: Swinging Strike
1-1: Swinging Strike
1-2: Fly out, F9 (Flyball, 9, EV 81.9 MPH)
Top of the 1st over - 0 runs, 0 hits, 0 errors, 0 left on base; Hartford 0 - Dallas 0
BOTTOM OF THE 1ST
Dallas Drillers batting - Pitching for Hartford Whalers : RHP Rich Mount
Pitching: RHP Rich Mount
Batting: LHB Raymond Crisp 0-0: Ball
1-0: Called Strike
1-1: Foul Ball, location: 2F
1-2: Ball
2-2: Foul Ball, location: 2F
2-2: Foul Ball, location: 2F
2-2: Ground out 5-3 (Groundball, 56, EV 103.8 MPH)
Batting: RHB Aubrey Albano 0-0: Called Strike
0-1: Called Strike
0-2: Ball
1-2: Foul Ball, location: 2F
1-2: Ball
2-2: SINGLE (Groundball, 6MD, EV 111.2 MPH)
Batting: LHB Lukas Hart 0-0: Fielders Choice at 2nd, 6-4 (Groundball, 56, EV 106.2 MPH)
Batting: LHB Devin Welninski 0-0: Ball
1-0: Fly out, F7 (Flyball, 78M, EV 76.9 MPH)
Bottom of the 1st over - 0 runs, 1 hit, 0 errors, 1 left on base; Hartford 0 - Dallas 0
TOP OF THE 2ND
Hartford Whalers batting - Pitching for Dallas Drillers : LHP Benjamin Racek
Batting: LHB Ian Schreiber 0-0: Ball
1-0: Called Strike
1-1: Swinging Strike
1-2: Strikes out looking
Batting: LHB Amric Robinson 0-0: Ball
1-0: Ball
2-0: Called Strike
2-1: Called Strike
2-2: Foul Ball, location: 2F
2-2: Ball
3-2: Ground out U3 (Groundball, 3, EV 106.2 MPH)
Batting: RHB Tyrone Smith 0-0: Ball
1-0: Called Strike
1-1: Foul Ball, location: 2F
1-2: Ground out 5-3 (Groundball, 56, EV 84.4 MPH)
Top of the 2nd over - 0 runs, 0 hits, 0 errors, 0 left on base; Hartford 0 - Dallas 0
BOTTOM OF THE 2ND
Dallas Drillers batting - Pitching for Hartford Whalers : RHP Rich Mount
Batting: RHB Latif Won 0-0: Swinging Strike
0-1: Ball
1-1: Reached on error, E6 (Groundball, 6, EV 83.8 MPH)
Batting: LHB Ed Baker 0-0: Ball
1-0: Swinging Strike
1-1: Ball
2-1: Foul Ball, location: 2F
2-2: Strikes out swinging
Batting: RHB Jehvon Curry 0-0: Grounds into double play, 4-6-3 (Groundball, 4M, EV 101.2 MPH)
Bottom of the 2nd over - 0 runs, 0 hits, 1 error, 0 left on base; Hartford 0 - Dallas 0
TOP OF THE 3RD
Hartford Whalers batting - Pitching for Dallas Drillers : LHP Benjamin Racek
Batting: RHB Abel Kazaz 0-0: Ball
1-0: Fly out, F4 (Popup, 3S, EV 86.9 MPH)
Batting: RHB Seth Floyd 0-0: Called Strike
0-1: Fly out, F8 (Flyball, 8LD, EV 99.4 MPH)
Batting: LHB Dalton Winger 0-0: Called Strike
0-1: Foul Ball, location: 2F
0-2: Strikes out looking
Top of the 3rd over - 0 runs, 0 hits, 0 errors, 0 left on base; Hartford 0 - Dallas 0
BOTTOM OF THE 3RD
Dallas Drillers batting - Pitching for Hartford Whalers : RHP Rich Mount
Batting: RHB Sean Kovacevic 0-0: Called Strike
0-1: Ball
1-1: Ball
2-1: Foul Ball, location: 2F
2-2: Hit by Pitch
Batting: SHB Cooper Heizer 0-0: Grounds into double play, 3-6-3 (Groundball, 3S, EV 92.5 MPH)
Batting: LHB Raymond Crisp 0-0: Called Strike
0-1: Ball
1-1: Foul Ball, location: 2F
1-2: Foul Ball, location: 2F
1-2: Strikes out looking
Bottom of the 3rd over - 0 runs, 0 hits, 0 errors, 0 left on base; Hartford 0 - Dallas 0
TOP OF THE 4TH
Hartford Whalers batting - Pitching for Dallas Drillers : LHP Benjamin Racek
Batting: RHB Zyaire Semijenov 0-0: Ball
1-0: Swinging Strike
1-1: DOUBLE (Line Drive, 89D, EV 107.5 MPH)
Batting: RHB Reilly Wren 0-0: Called Strike
0-1: Ball
1-1: Ball
2-1: Ball
3-1: Ground out 6-3 (Groundball, 6M, EV 102.5 MPH)
Zyaire Semijenov to third
Batting: RHB Wyatt McKenney 0-0: Ground out 5-3 (Groundball, 56, EV 97.5 MPH)
Zyaire Semijenov scores
Batting: LHB Ian Schreiber 0-0: Swinging Strike
0-1: Fly out, F8 (Flyball, 8RS, EV 88.8 MPH)
Top of the 4th over - 1 run, 1 hit, 0 errors, 0 left on base; Hartford 1 - Dallas 0
BOTTOM OF THE 4TH
Dallas Drillers batting - Pitching for Hartford Whalers : RHP Rich Mount
Batting: RHB Aubrey Albano 0-0: Ball
1-0: Ball
2-0: Foul Ball, location: 2F
2-1: Foul Ball, location: 2F
2-2: Ball
3-2: Foul Ball, location: 2F
3-2: Base on Balls
Batting: LHB Lukas Hart 0-0: Called Strike
0-1: Foul Ball, location: 2F
0-2: Ball
1-2: Strikes out swinging
Batting: LHB Devin Welninski 0-0: Ball
1-0: Foul Ball, location: 2F
1-1: Swinging Strike
1-2: Foul Ball, location: 2F
1-2: Ball
2-2: Foul Ball, location: 2F
2-2: Strikes out looking
Batting: RHB Latif Won 0-0: Swinging Strike
0-1: Foul Ball, location: 2F
0-2: Foul Ball, location: 2F
0-2: Ground out U3 (Groundball, 3, EV 91.2 MPH)
Bottom of the 4th over - 0 runs, 0 hits, 0 errors, 1 left on base; Hartford 1 - Dallas 0
TOP OF THE 5TH
Hartford Whalers batting - Pitching for Dallas Drillers : LHP Benjamin Racek
Batting: LHB Amric Robinson 0-0: Foul Ball, location: 2F
0-1: Foul Ball, location: 2F
0-2: Ball
1-2: Ball
2-2: Strikes out looking
Batting: RHB Tyrone Smith 0-0: Swinging Strike
0-1: Foul Ball, location: 2F
0-2: Foul Ball, location: 2F
0-2: Ball
1-2: DOUBLE (Flyball, 78D, EV 110.6 MPH)
Batting: RHB Abel Kazaz 0-0: Called Strike
0-1: Ball
1-1: Ball
2-1: Ball
3-1: Base on Balls
Batting: RHB Seth Floyd 0-0: Ball
1-0: Foul Ball, location: 2F
1-1: Fly out, F7 (Flyball, 7LS, EV 94.4 MPH)
Batting: LHB Dalton Winger 0-0: Ground out U3 (Groundball, 34, EV 102.5 MPH)
Top of the 5th over - 0 runs, 1 hit, 0 errors, 2 left on base; Hartford 1 - Dallas 0
BOTTOM OF THE 5TH
Dallas Drillers batting - Pitching for Hartford Whalers : RHP Rich Mount
Batting: LHB Ed Baker 0-0: Ball
1-0: Ground out 4-3 (Groundball, 4, EV 83.8 MPH)
Batting: RHB Jehvon Curry 0-0: Called Strike
0-1: Called Strike
0-2: Ball
1-2: Ground out 4-3 (Groundball, 4, EV 81.9 MPH)
Batting: RHB Sean Kovacevic 0-0: Called Strike
0-1: Ball
1-1: Fly out, F7 (Flyball, 7, EV 88.8 MPH)
Bottom of the 5th over - 0 runs, 0 hits, 0 errors, 0 left on base; Hartford 1 - Dallas 0
TOP OF THE 6TH
Hartford Whalers batting - Pitching for Dallas Drillers : LHP Benjamin Racek
Batting: RHB Zyaire Semijenov 0-0: Ball
1-0: Ball
2-0: Swinging Strike
2-1: Called Strike
2-2: Foul Ball, location: 2F
2-2: Ball
3-2: SINGLE (Flyball, 7LS, EV 98.8 MPH)
Batting: RHB Reilly Wren 0-0: Sac Bunt to 13 - play at first, batter OUT! 1-3
Zyaire Semijenov to second
Batting: RHB Wyatt McKenney 0-0: Swinging Strike
0-1: Called Strike
0-2: Ground out 3-1 (Groundball, 34S, EV 80.6 MPH)
Zyaire Semijenov to third
Batting: LHB Ian Schreiber 0-0: Foul Ball, location: 2F
0-1: Fly out, F7 (Flyball, 7, EV 90.6 MPH)
Top of the 6th over - 0 runs, 1 hit, 0 errors, 1 left on base; Hartford 1 - Dallas 0
BOTTOM OF THE 6TH
Dallas Drillers batting - Pitching for Hartford Whalers : RHP Rich Mount
Batting: SHB Cooper Heizer 0-0: Ball
1-0: Called Strike
1-1: Foul Ball, location: 2F
1-2: Ball
2-2: Foul Ball, location: 2F
2-2: Strikes out looking
Batting: LHB Raymond Crisp 0-0: Ball
1-0: Called Strike
1-1: Ball
2-1: Ground out 6-3 (Groundball, 6M, EV 89.4 MPH)
Batting: RHB Aubrey Albano 0-0: Ball
1-0: Ground out 5-3 (Groundball, 56, EV 81.9 MPH)
Bottom of the 6th over - 0 runs, 0 hits, 0 errors, 0 left on base; Hartford 1 - Dallas 0
TOP OF THE 7TH
Hartford Whalers batting - Pitching for Dallas Drillers : LHP Benjamin Racek
Batting: LHB Amric Robinson 0-0: Ball
1-0: Foul Ball, location: 2F
1-1: Foul Ball, location: 2F
1-2: Ball
2-2: Ball
3-2: SINGLE (Groundball, 4D, EV 104.4 MPH)
Batting: RHB Tyrone Smith 0-0: Foul Ball, location: 2F
0-1: Ball
1-1: Called Strike
1-2: Foul Ball, location: 2F
1-2: Ball
2-2: Ball
3-2: SINGLE (Line Drive, 34, EV 94.4 MPH)
Amric Robinson to second
Batting: RHB Abel Kazaz 0-0: Ball
1-0: Bunted foul
1-1: Sac Bunt to 15S - play at first, batter OUT! 1-4
Amric Robinson to third
Tyrone Smith to second
Pitching: LHP Derek Bane
Batting: RHB Seth Floyd 0-0: Ball
1-0: Fly out, F7 (Line Drive, 7LM, EV 105.0 MPH)
Runner from 3rd tags up, SCORES, throw by LF
Tyrone Smith to third
Batting: LHB Dalton Winger 0-0: Ball
1-0: Foul Ball, location: 2F
1-1: Ball
2-1: Swinging Strike
2-2: Foul Ball, location: 2F
2-2: Fly out, F7 (Flyball, 7, EV 75.6 MPH)
Top of the 7th over - 1 run, 2 hits, 0 errors, 1 left on base; Hartford 2 - Dallas 0
BOTTOM OF THE 7TH
Dallas Drillers batting - Pitching for Hartford Whalers : RHP Rich Mount
Batting: LHB Lukas Hart 0-0: Ball
1-0: Ball
2-0: Swinging Strike
2-1: SINGLE (Groundball, 34D, EV 111.2 MPH)
Batting: LHB Devin Welninski 0-0: Ball
1-0: Ball
2-0: Ball
3-0: Fielders Choice at 2nd, 4-6 (Groundball, 4, EV 104.4 MPH)
Batting: RHB Latif Won 0-0: Ball
1-0: Ball
2-0: Ball
3-0: Called Strike
3-1: Grounds into double play, 6-4-3 (Groundball, 6, EV 100.0 MPH)
Bottom of the 7th over - 0 runs, 1 hit, 0 errors, 0 left on base; Hartford 2 - Dallas 0
TOP OF THE 8TH
Hartford Whalers batting - Pitching for Dallas Drillers : LHP Derek Bane
Pitching: RHP Cullen Lanzetta
Pinch Hitting: LHB Gene Grimes 0-0: Called Strike
0-1: SOLO HOME RUN (Flyball, 9LD, EV 95.6 MPH), Distance : 329 ft
Batting: RHB Reilly Wren 0-0: Called Strike
0-1: Foul Ball, location: 2F
0-2: Ball
1-2: Ball
2-2: Strikes out swinging
Batting: RHB Wyatt McKenney 0-0: Ball
1-0: Ball
2-0: Ball
3-0: Called Strike
3-1: Ground out 4-3 (Groundball, 4S, EV 87.5 MPH)
Batting: LHB Ian Schreiber 0-0: Ball
1-0: Fly out, F3 (Flyball, 3D, EV 86.2 MPH)
Top of the 8th over - 1 run, 1 hit, 0 errors, 0 left on base; Hartford 3 - Dallas 0
BOTTOM OF THE 8TH
Dallas Drillers batting - Pitching for Hartford Whalers : RHP Rich Mount
Now at 2B: Gene Grimes
Batting: LHB Ed Baker 0-0: Ball
1-0: Ball
2-0: Ground out 6-3 (Groundball, 6D, EV 79.4 MPH)
Batting: RHB Jehvon Curry 0-0: Swinging Strike
0-1: Foul Ball, location: 2F
0-2: SINGLE (Groundball, 56D, EV 97.5 MPH)
Batting: RHB Sean Kovacevic 0-0: Called Strike
0-1: Called Strike
0-2: Grounds into double play, 5-4-3 (Groundball, 56, EV 80.6 MPH)
Bottom of the 8th over - 0 runs, 1 hit, 0 errors, 0 left on base; Hartford 3 - Dallas 0
TOP OF THE 9TH
Hartford Whalers batting - Pitching for Dallas Drillers : RHP Cullen Lanzetta
Batting: LHB Amric Robinson 0-0: Ball
1-0: Ball
2-0: Foul Ball, location: 2F
2-1: Ball
3-1: Base on Balls
Batting: RHB Tyrone Smith 0-0: Ball
1-0: Called Strike
1-1: Swinging Strike
1-2: Strikes out looking
Batting: RHB Abel Kazaz 0-0: Ball
1-0: Ball
2-0: Foul Ball, location: 2F
2-1: Swinging Strike
2-2: Ball
3-2: Strikes out swinging
Batting: RHB Seth Floyd 0-0: Ball
1-0: Ball
2-0: Ball
Wild Pitch!
Amric Robinson to second
3-0: Called Strike
3-1: Ground out 5-3 (Groundball, 5L, EV 86.2 MPH)
Top of the 9th over - 0 runs, 0 hits, 0 errors, 1 left on base; Hartford 3 - Dallas 0
BOTTOM OF THE 9TH
Dallas Drillers batting - Pitching for Hartford Whalers : RHP Rich Mount
Pitching: RHP Jamal Brown
Now at 2B: Reilly Wren
Now at 3B: Seth Floyd
Now at SS: JaQawn Schiegl
Batting: SHB Cooper Heizer 0-0: Ball
1-0: Ground out 4-3 (Groundball, 4, EV 83.8 MPH)
Batting: LHB Raymond Crisp 0-0: Swinging Strike
0-1: Swinging Strike
0-2: Ball
1-2: Strikes out swinging
Batting: RHB Aubrey Albano 0-0: Swinging Strike
0-1: Ball
1-1: Ball
2-1: Ball
3-1: Base on Balls
Batting: LHB Lukas Hart 0-0: Swinging Strike
0-1: Ball
1-1: Called Strike
1-2: Ball
2-2: Fly out, F4 (Line Drive, 4, EV 76.9 MPH)
Bottom of the 9th over - 0 runs, 0 hits, 0 errors, 1 left on base; Hartford 3 - Dallas 0
Saturday, April 27th , 2024 - OOTP Baseball 23.10 Build 110